 Dungeon Crawl Stone Soup version 0.18.1-8-gdd0e5ea (webtiles) character file.

5990 Chiseanne the Covert (level 10, -4/51 HPs)
             Began as a Spriggan Hunter on May 21, 2016.
             Was an Elder of Okawaru.
             Killed by divine providence
             ... invoked by an orc priest
              (14 damage)
             ... on level 9 of the Dungeon.
             The game lasted 00:28:09 (9394 turns).

Chiseanne the Covert (Spriggan Hunter)              Turns: 9394, Time: 00:28:10

Health: -4/51      AC:  9    Str:  8    XL:     10   Next: 55%
Magic:  11/13      EV: 39    Int: 13    God:    Okawaru [****..]
Gold:   481        SH:  0    Dex: 20    Spells: 0 memorised, 9 levels left

rFire  . . .     SeeInvis +     s - +4 quarterstaff (chaos)
rCold  + . .     Gourm    .     r - +0 robe {rC+}
rNeg   . . .     Faith    +     (shield currently unavailable)
rPois  .         Spirit   .     A - +1 hat
rElec  .         Dismiss  .     k - +1 cloak
rCorr  .         Reflect  .     (gloves unavailable)
SustAt .         Harm     .     (boots unavailable)
MR     +....                    l - amulet of faith
Stlth  ++++++++..               B - +5 ring of evasion
                                m - +4 ring of protection

@: heroism, very quick, somewhat resistant to hostile enchantments,
extraordinarily stealthy
A: unfitting armour, see invisible, herbivore 3, speed 3, slow metabolism 2
a: Heroism, Renounce Religion


You were on level 9 of the Dungeon.
You worshipped Okawaru.
Okawaru was greatly pleased with you.
You were not hungry.

You visited 2 branches of the dungeon, and saw 10 of its levels.

You collected 481 gold pieces.

Inventory:

Hand Weapons
 a - a +0 dagger of venom
 s - a +4 quarterstaff of chaos (weapon)
 w - a +5 hunting sling
Missiles
 b - 50 poisoned needles
 e - 163 arrows
 g - 117 stones (quivered)
 q - 83 bolts
 t - 13 tomahawks
 C - 24 sling bullets
Armour
 k - a +1 cloak (worn)
 r - a +0 robe of cold resistance (worn)
 A - a +1 hat (worn)
Jewellery
 l - an amulet of faith (around neck)
 m - a +4 ring of protection (left hand)
 u - an uncursed ring of ice
 B - a +5 ring of evasion (right hand)
 H - a +6 amulet of reflection
Wands
 y - a wand of lightning (5/15)
Scrolls
 c - 3 scrolls of amnesia
 h - 6 scrolls of identify
 n - 4 scrolls of teleportation
 o - a scroll of magic mapping
 p - 6 scrolls of remove curse
 x - a scroll of blinking
 z - a scroll of immolation
Potions
 d - 4 potions of curing
 i - 2 potions of flight
 j - 2 potions of heal wounds
 G - a potion of cancellation
Books
 F - a book of Enchantments

   Spells                             Type                      Level
   a - Cause Fear                     Hexes                        4
   b - Yara's Violent Unravelling     Hexes/Transmutation          5
   c - Silence                        Hexes/Air                    5
   d - Deflect Missiles               Charms/Air                   6
   e - Haste                          Charms                       6
   f - Discord                        Hexes                        8
Comestibles
 f - 5 bread rations
 D - 8 slices of pizza
 E - a royal jelly


   Skills:
 - Level 4.7(9.7) Fighting
 * Level 0.2(5.2) Short Blades
 * Level 11.3(16.3) Slings
 * Level 12.1(17.1) Dodging
 * Level 12.3(17.3) Stealth
 - Level 3.1 Invocations


You had 9 spell levels left.
You didn't know any spells.

Dungeon Overview and Level Annotations

Branches:
Dungeon (9/15)             Temple (1/1) D:4            Lair (0/8) D:8
    Orc: D:9-12

Altars:
Ashenzari
Cheibriados
Dithmenos
Elyvilon
Fedhas
Gozag
Kikubaaqudgha
Makhleb
Nemelex Xobeh
Okawaru
Pakellas
Qazlal
Ru
Sif Muna
Trog
Vehumet
Xom
Yredelemnul
Zin
The Shining One

Annotations:
D:5 Yehuk's ghost, novice DEWz
D:9 George's ghost, novice MiFi


Innate Abilities, Weirdness & Mutations

You are tiny and cannot use many weapons and most armour.
You have supernaturally acute eyesight.
You are a herbivore.
You cover ground extremely quickly.
You need consume almost no food.


Message History

The orc priest is moderately wounded.
The orc priest looks braver for a moment.
You closely miss the orc priest.
The orc priest is moderately wounded.
The orc priest looks braver for a moment.
The orc priest completely misses you.
You barely miss the orc priest.
The orc priest is lightly wounded.
The orc priest completely misses you.
You completely miss the orc priest.
The orc priest is lightly wounded.
The orc priest hits you with a trident.
* * * LOW HITPOINT WARNING * * *
You gain the combat prowess of a mighty hero.
You feel slightly more hungry. The orc priest completely misses you.
You hit the orc priest.
The orc priest is moderately wounded.
The orc priest mumbles some strange prayers to Beogh against you.
Beogh smites you!
You die...

#..........#
#.#
##........##
#.#
##.......#
#.#
####....#
#.# ######
#.# #.# #)#
#.# #@# #.o#
#.## #. #.
#. #. #. ##


You could see an orc priest.

Vanquished Creatures
  2 komodo dragons
  Grinder (D:3)
  Sigmund (D:6)
  A human (D:7)
  5 yaks
  Eustachio (D:4)
  A hog (D:7)
  A mottled dragon (D:8)
  Menkaure (D:3)
  The ghost of Kite the Digger, an amateur GrEE (D:4)
  An ice beast (D:7)
  2 black bears
  A necrophage (D:9)
  An ogre (D:7)
  5 centaurs
  3 crocodiles (D:8)
  2 phantoms
  A big kobold (D:8)
  5 giant frogs
  A wyvern zombie (D:6)
  3 scorpions
  3 howler monkeys
  2 giant frog zombies (D:8)
  2 crimson imps
  A jelly (D:6)
  A quasit (D:8)
  3 giant frog skeletons
  6 orc priests
  The ghost of pipel the Sneak, a weakling SpEn (D:3)
  Crazy Yiuf (D:2)
  A centaur skeleton (D:7)
  A gnoll shaman (D:7)
  2 hounds
  6 orc wizards
  8 iguanas
  Jessica (D:2)
  Natasha (twice) (D:3)
  3 worker ants
  2 sheep (D:7)
  A hound zombie (D:6)
  3 hound skeletons
  2 howler monkey zombies
  A worker ant zombie (D:7)
  Robin (D:3)
  5 gnolls (D:7)
  A howler monkey skeleton (D:8)
  15 adders
  4 shadow imps
  An ooze (D:6)
  An ooze (shapeshifter) (D:9)
  An adder zombie (D:8)
  3 worms
  7 giant geckos
  31 orcs
  4 ball pythons (D:7)
  8 bats
  11 giant cockroaches
  17 goblins
  9 hobgoblins
  8 jackals
  3 quokkas
  A giant gecko skeleton (D:5)
  6 giant newts
  A jackal skeleton (D:5)
  A jackal zombie (D:5)
  9 kobolds
  A quokka skeleton (D:5)
  12 rats
254 creatures vanquished.

Vanquished Creatures (others)
  Natasha (D:3)
1 creature vanquished.

Grand Total: 255 creatures vanquished

Notes
Turn   | Place    | Note
--------------------------------------------------------------
     0 | D:1      | Chiseanne the Spriggan Hunter began the quest for the Orb.
     0 | D:1      | Reached XP level 1. HP: 10/10 MP: 2/2
    54 | D:1      | Reached skill level 5 in Slings
   189 | D:1      | Reached XP level 2. HP: 15/15 MP: 3/3
   663 | D:1      | Reached XP level 3. HP: 18/18 MP: 4/4
  1141 | D:2      | Noticed Jessica
  1144 | D:2      | Killed Jessica
  1144 | D:2      | Reached XP level 4. HP: 23/23 MP: 5/5
  1514 | D:2      | Noticed Crazy Yiuf
  1543 | D:2      | Killed Crazy Yiuf
  1732 | D:3      | Noticed Robin
  1732 | D:3      | Noticed pipel's ghost (weakling SpEn)
  1773 | D:3      | Noticed Natasha
  1841 | D:2      | Reached XP level 5. HP: 27/27 MP: 6/6
  1900 | D:3      | Killed Natasha
  2044 | D:3      | Killed pipel's ghost
  2044 | D:3      | Reached skill level 5 in Dodging
  2078 | D:3      | Noticed Grinder
  2166 | D:3      | Paralysed by Grinder for 6 turns
  2176 | D:3      | Killed Grinder
  2176 | D:3      | Reached skill level 5 in Stealth
  2176 | D:3      | Reached XP level 6. HP: 19/32 MP: 7/7
  2194 | D:3      | Noticed Natasha
  2197 | D:3      | Killed Natasha
  2463 | D:3      | Noticed Natasha
  2470 | D:3      | Killed Natasha
  2520 | D:3      | Killed Robin
  2563 | D:3      | Reached XP level 7. HP: 36/36 MP: 8/8
  2838 | D:4      | Noticed Kite's ghost (amateur GrEE)
  2849 | D:4      | Noticed Menkaure
  3070 | D:3      | Killed Menkaure
  3489 | D:4      | Noticed Eustachio
  3568 | D:4      | Killed Kite's ghost
  3686 | D:4      | Killed Eustachio
  3686 | D:4      | Reached XP level 8. HP: 28/40 MP: 9/9
  3753 | D:4      | Found a staircase to the Ecumenical Temple.
  3783 | Temple   | Entered the Ecumenical Temple
  3887 | Temple   | Became a worshipper of Warmaster Okawaru
  4121 | D:4      | Found an ancient bone altar of Kikubaaqudgha.
  4155 | D:5      | Entered Level 5 of the Dungeon
  4296 | D:5      | Noticed Yehuk's ghost (novice DEWz)
  5282 | D:6      | Reached * piety under Okawaru
  6196 | D:6      | Reached XP level 9. HP: 37/45 MP: 10/10
  6299 | D:6      | Found a bloodstained altar of Trog.
  6380 | D:6      | Found a glowing silver altar of Zin.
  6423 | D:6      | Noticed Sigmund
  6429 | D:6      | Killed Sigmund
  6458 | D:7      | Found a sparkling altar of Nemelex Xobeh.
  6475 | D:7      | Reached ** piety under Okawaru
  6598 | D:7      | Reached skill level 10 in Dodging
  6598 | D:7      | Reached skill level 10 in Stealth
  6712 | D:7      | Found a radiant altar of Vehumet.
  6873 | D:7      | Reached skill level 10 in Slings
  6888 | D:7      | Reached *** piety under Okawaru
  7185 | D:7      | Received a gift from Okawaru
  8077 | D:8      | Received a gift from Okawaru
  8222 | D:8      | Reached XP level 10. HP: 46/51 MP: 9/11
  8251 | D:8      | Reached **** piety under Okawaru
  8251 | D:8      | Reached skill level 1 in Invocations
  8546 | D:8      | Found a staircase to the Lair.
  8837 | D:8      | Found an opulent altar of Gozag.
  9196 | D:9      | Received a gift from Okawaru
  9229 | D:9      | Found a burning altar of Makhleb.
  9336 | D:9      | Noticed George's ghost (novice MiFi)
  9394 | D:9      | Killed from afar by an orc priest

Skill      XL: |  1  2  3  4  5  6  7  8  9 10 |
---------------+-------------------------------+-----
Slings         | 5 6 7 9 10 11 | 11.3
Stealth        | 2 3 5 7 9 11 12 | 12.3
Fighting       | 2 3 4 |  4.7
Dodging        | 4 5 6 7 9 11 12 | 12.1
Invocations    | 3 |  3.1
Short Blades   | |  0.2

Action                   |  1- 3 |  4- 6 |  7- 9 | 10-12 || total
-------------------------+-------+-------+-------+-------++-------
Melee: Dagger            |       |       |   198 |    71 ||   269
       Quarterstaff      |       |       |    72 |    33 ||   105
 Fire: Hunting sling     |    98 |   187 |   345 |    86 ||   716
Invok: Heroism           |       |       |     1 |     3 ||     4
  Use: Scroll            |     3 |     6 |     6 |     3 ||    18
       Potion            |       |     4 |     6 |       ||    10
 Stab: Sleeping          |       |       |    11 |     9 ||    20
       Distracted        |       |       |     1 |       ||     1
  Eat: Bread ration      |       |       |     1 |       ||     1
Armor: Robe              |     4 |    12 |    42 |    12 ||    70
Dodge: Dodged            |    28 |    86 |   419 |   152 ||   685
